General information
- name: BNet
- type: Ladder team game (AT/RT)
- host: Battle.net
- saver: AmericanCaesar
map: GoldRush
- players: 8
- length: 26:52
- speed: Fast
- version: 1.26 W3XP
- replay type: Public
» download(191 KB)
Players
team 1 (loser)
Alien_scum (
teal | 47 APM | 1199 actions | 25:39)
3 Archmage
2 Blizzard
1 Brilliance Aura
2 Paladin
1 Holy Light
1 Divine Shield
» actions
| Assign group hotkey | 63 | |
| Basic commands | 113 | |
| Build / train | 69 | |
| Enter build submenu | 25 | |
| Enter hero's abilities submenu | 5 | |
| Remove unit from queue | 1 | |
| Right click | 406 | |
| Select / deselect | 307 | |
| Select group hotkey | 138 | |
| Use ability | 72 | |
1199 total
» units
| Peasant | 23 | |
| Rifleman | 8 | |
| Priest | 4 | |
| Sorceress | 2 | |
37 total
» upgrades
| Masonry | 2 | |
| Long Rifles | 1 | |
| Sorceress Training | 2 | |
| Priest Training | 2 | |
| Gunpowder | 1 | |
| Armor | 1 | |
| Barrage | 1 | |
10 total
» buildings
| Altar of Kings | 2 | |
| Barracks | 1 | |
| Blacksmith | 1 | |
| Farm | 10 | |
| Scout Tower | 10 | |
| Arcane Vault | 1 | |
| Arcane Tower | 1 | |
| Keep | 1 | |
| Lumber Mill | 1 | |
| Guard Tower | 4 | |
| Arcane Sanctum | 3 | |
| Castle | 1 | |
| Workshop | 1 | |
| Town Hall | 1 | |
38 total
» build order
00:35 Altar of Kings
00:50 Barracks
00:59 Blacksmith
01:06 Farm
01:26 Farm
01:53 Scout Tower
02:08 Arcane Vault
02:35 Arcane Tower
03:30 Keep
03:39 Farm
04:07 Scout Tower
04:08 Scout Tower
04:12 Lumber Mill
05:33 Guard Tower
05:52 Arcane Sanctum
05:55 Arcane Sanctum
06:08 Farm
06:10 Farm
06:14 Arcane Sanctum
06:25 Guard Tower
09:01 Farm
09:26 Castle
11:53 Scout Tower
11:53 Scout Tower
11:54 Scout Tower
13:45 Workshop
14:39 Scout Tower
14:40 Scout Tower
14:40 Scout Tower
14:41 Scout Tower
15:24 Farm
15:24 Farm
16:58 Guard Tower
17:42 Town Hall
17:44 Guard Tower
23:18 Farm
23:21 Altar of Kings
24:58 Farm
» items
| Scroll of Regeneration | 3 | |
| Lesser Clarity Potion | 1 | |
| Scroll of Town Portal | 3 | |
7 total

»
bubster27 (
red | 132 APM | 3543 actions | 26:49)
6 Mountain King
3 Storm Bolt
2 Bash
1 Avatar
3 Archmage
2 Brilliance Aura
1 Blizzard
» actions
| Assign group hotkey | 27 | |
| Basic commands | 1 | |
| Build / train | 87 | |
| Enter build submenu | 30 | |
| Enter hero's abilities submenu | 9 | |
| Give item / drop item | 1 | |
| Right click | 997 | |
| Select / deselect | 433 | |
| Select group hotkey | 1892 | |
| Use ability | 66 | |
3543 total
» units
| Peasant | 19 | |
| Rifleman | 25 | |
| Priest | 4 | |
| Siege Engine | 5 | |
53 total
» upgrades
| Gunpowder | 3 | |
| Lumber Harvesting | 2 | |
| Long Rifles | 1 | |
| Armor | 2 | |
| Masonry | 1 | |
| Barrage | 1 | |
10 total
» buildings
| Farm | 11 | |
| Altar of Kings | 1 | |
| Blacksmith | 1 | |
| Barracks | 2 | |
| Town Hall | 4 | |
| Scout Tower | 4 | |
| Lumber Mill | 1 | |
| Arcane Tower | 1 | |
| Keep | 1 | |
| Guard Tower | 3 | |
| Arcane Sanctum | 2 | |
| Castle | 1 | |
| Arcane Vault | 1 | |
| Workshop | 2 | |
35 total
» build order
00:09 Farm
00:36 Altar of Kings
00:52 Blacksmith
01:25 Farm
01:48 Barracks
02:24 Farm
03:38 Town Hall
03:45 Scout Tower
03:48 Lumber Mill
04:19 Scout Tower
04:20 Arcane Tower
04:39 Farm
04:52 Scout Tower
05:00 Keep
05:11 Guard Tower
05:31 Scout Tower
05:33 Guard Tower
05:44 Barracks
06:03 Guard Tower
06:29 Farm
07:14 Farm
07:55 Arcane Sanctum
09:19 Arcane Sanctum
10:44 Town Hall
11:00 Farm
11:55 Farm
12:08 Castle
12:28 Arcane Vault
12:43 Farm
14:28 Town Hall
14:40 Workshop
15:18 Workshop
15:57 Farm
16:48 Farm
19:11 Town Hall
» items
| Scroll of Town Portal | 6 | |
| Dust of Appearance | 1 | |
7 total
Bombe1989 (
yellow | 30 APM | 592 actions | 19:38)
5 Death Knight
3 Death Coil
2 Unholy Aura
» actions
| Assign group hotkey | 3 | |
| Build / train | 66 | |
| Enter build submenu | 15 | |
| Enter hero's abilities submenu | 5 | |
| Give item / drop item | 3 | |
| Right click | 278 | |
| Select / deselect | 174 | |
| Select group hotkey | 14 | |
| Use ability | 34 | |
592 total
» units
| Acolyte | 17 | |
| Ghoul | 11 | |
| Crypt Fiend | 11 | |
| Frost Wyrm | 3 | |
42 total
» upgrades
| Web | 1 | |
| Creature Attack | 3 | |
| Creature Carapace | 3 | |
| Freezing Breath | 1 | |
8 total
» buildings
| Altar of Darkness | 1 | |
| Crypt | 1 | |
| Ziggurat | 9 | |
| Nerubian Tower | 2 | |
| Graveyard | 1 | |
| Halls of the Dead | 1 | |
| Spirit Tower | 5 | |
| Tomb of Relics | 1 | |
| Black Citadel | 1 | |
| Sacrificial Pit | 1 | |
| Boneyard | 2 | |
25 total
» build order
00:05 Altar of Darkness
00:08 Crypt
00:11 Ziggurat
00:59 Ziggurat
01:15 Nerubian Tower
01:55 Nerubian Tower
03:06 Graveyard
03:34 Ziggurat
04:54 Halls of the Dead
05:15 Spirit Tower
06:00 Ziggurat
06:48 Tomb of Relics
07:38 Spirit Tower
08:53 Ziggurat
08:54 Ziggurat
09:47 Black Citadel
10:36 Spirit Tower
10:41 Sacrificial Pit
11:20 Ziggurat
11:23 Ziggurat
12:22 Boneyard
12:23 Boneyard
13:03 Spirit Tower
13:07 Ziggurat
14:34 Spirit Tower
» items

»
eFL.ciko (
pink | 72 APM | 1797 actions | 24:58)
3 Priestess of the Moon
2 Trueshot Aura
1 Searing Arrows
2 Demon Hunter
1 Immolation
1 Evasion
» actions
| Assign group hotkey | 18 | |
| Basic commands | 1 | |
| Build / train | 53 | |
| Enter build submenu | 21 | |
| Enter hero's abilities submenu | 5 | |
| Remove unit from queue | 2 | |
| Right click | 683 | |
| Select / deselect | 218 | |
| Select group hotkey | 768 | |
| Use ability | 28 | |
1797 total
» units
| Wisp | 12 | |
| Archer | 2 | |
| Hippogryph | 9 | |
| Druid of the Talon | 1 | |
| Chimaera | 7 | |
31 total
» upgrades
| Ultravision | 1 | |
| Druid of the Talon Training | 2 | |
| Corrosive Breath | 1 | |
| Strength of the Moon | 1 | |
| Strength of the Wild | 1 | |
| Moon Armor | 1 | |
| Reinforced Hides | 1 | |
| Well Spring | 1 | |
9 total
» buildings
| Altar of Elders | 1 | |
| Moon Well | 11 | |
| Ancient of War | 1 | |
| Tree of Ages | 1 | |
| Hunter's Hall | 1 | |
| Tree of Eternity | 1 | |
| Ancient of Wind | 1 | |
| Chimaera Roost | 3 | |
| Tree of Life | 1 | |
21 total
» build order
00:43 Altar of Elders
00:46 Moon Well
00:56 Ancient of War
02:35 Moon Well
03:38 Moon Well
05:18 Moon Well
05:23 Tree of Ages
05:39 Hunter's Hall
07:22 Moon Well
08:12 Tree of Eternity
08:20 Ancient of Wind
08:30 Moon Well
09:29 Moon Well
10:29 Moon Well
12:03 Chimaera Roost
12:40 Chimaera Roost
12:48 Moon Well
13:45 Moon Well
15:44 Moon Well
16:45 Tree of Life
17:14 Chimaera Roost
team 2 (winner)

»
zenaeris-fr (
purple | 44 APM | 1191 actions | 26:50)
6 Dark Ranger
3 Black Arrow
2 Life Drain
1 Charm
6 Lich
3 Frost Nova
2 Dark Ritual
1 Death and Decay
» actions
| Assign group hotkey | 14 | |
| Build / train | 84 | |
| Enter build submenu | 22 | |
| Enter hero's abilities submenu | 12 | |
| Give item / drop item | 4 | |
| Remove unit from queue | 1 | |
| Right click | 468 | |
| Select / deselect | 281 | |
| Select group hotkey | 232 | |
| Use ability | 73 | |
1191 total
» units
| Acolyte | 6 | |
| Ghoul | 6 | |
| Crypt Fiend | 8 | |
| Forest Troll Shadow Priest | 1 | |
| Obsidian Statue | 4 | |
| Frost Wyrm | 6 | |
| Abomination | 3 | |
34 total
» upgrades
| Creature Attack | 3 | |
| Creature Carapace | 3 | |
| Web | 1 | |
| Burrow | 1 | |
| Destroyer Form | 1 | |
| Freezing Breath | 1 | |
| Ghoul Frenzy | 1 | |
| Unholy Strength | 2 | |
| Unholy Armor | 2 | |
| Disease Cloud | 1 | |
| Cannibalize | 1 | |
| Stone Form | 1 | |
18 total
» buildings
| Ziggurat | 9 | |
| Crypt | 1 | |
| Altar of Darkness | 1 | |
| Graveyard | 1 | |
| Nerubian Tower | 2 | |
| Tomb of Relics | 1 | |
| Halls of the Dead | 1 | |
| Spirit Tower | 3 | |
| Black Citadel | 1 | |
| Slaughterhouse | 1 | |
| Sacrificial Pit | 1 | |
| Boneyard | 2 | |
24 total
» build order
00:09 Ziggurat
00:14 Crypt
00:45 Altar of Darkness
01:01 Graveyard
01:30 Ziggurat
02:04 Nerubian Tower
02:38 Tomb of Relics
03:40 Ziggurat
05:27 Halls of the Dead
06:10 Ziggurat
06:13 Ziggurat
07:45 Spirit Tower
08:46 Black Citadel
09:45 Slaughterhouse
09:49 Sacrificial Pit
10:06 Ziggurat
11:20 Boneyard
13:46 Boneyard
15:28 Ziggurat
15:36 Ziggurat
15:58 Spirit Tower
17:29 Spirit Tower
17:33 Ziggurat
26:28 Nerubian Tower
» items
| Scroll of Town Portal | 4 | |
| Boots of Speed | 1 | |
| Orb of Corruption | 2 | |
| Potion of Healing | 1 | |
| Scroll of Healing | 1 | |
9 total
AmericanCaesar (
green | 72 APM | 1945 actions | 26:52)
8 Blademaster
3 Wind Walk
3 Critical Strike
1 Bladestorm
1 Mirror Image
» actions
| Assign group hotkey | 277 | |
| Basic commands | 5 | |
| Build / train | 68 | |
| Enter build submenu | 40 | |
| Enter hero's abilities submenu | 8 | |
| Give item / drop item | 1 | |
| Right click | 1034 | |
| Select / deselect | 259 | |
| Select group hotkey | 144 | |
| Use ability | 109 | |
1945 total
» units
» upgrades
| Armor | 3 | |
| Ranged Weapons | 3 | |
| Reinforced Defenses | 1 | |
| Envenomed Spears | 1 | |
| Shaman Training | 2 | |
| Witch Doctor Training | 1 | |
| Ensnare | 1 | |
| Pillage | 1 | |
| Melee Weapons | 1 | |
14 total
» buildings
| Orc Burrow | 6 | |
| Altar of Storms | 1 | |
| Barracks | 1 | |
| Voodoo Lounge | 1 | |
| Stronghold | 5 | |
| War Mill | 4 | |
| Great Hall | 2 | |
| Beastiary | 6 | |
| Fortress | 1 | |
| Watch Tower | 19 | |
| Spirit Lodge | 1 | |
47 total
» build order
00:16 Orc Burrow
00:42 Altar of Storms
00:52 Barracks
01:19 Orc Burrow
01:41 Voodoo Lounge
02:50 Stronghold
02:51 Stronghold
02:51 Stronghold
02:51 Stronghold
03:30 War Mill
04:24 Great Hall
04:53 Orc Burrow
05:43 Beastiary
05:44 Beastiary
09:10 Fortress
09:16 War Mill
09:48 Orc Burrow
09:51 Watch Tower
09:52 Watch Tower
09:54 Watch Tower
11:53 Spirit Lodge
14:46 Great Hall
14:58 Watch Tower
14:58 Watch Tower
14:58 Watch Tower
16:07 War Mill
18:10 Beastiary
18:10 Beastiary
20:24 Orc Burrow
20:25 Orc Burrow
20:52 War Mill
21:08 Watch Tower
21:08 Watch Tower
21:09 Watch Tower
21:10 Watch Tower
21:10 Watch Tower
21:10 Watch Tower
21:11 Watch Tower
22:06 Watch Tower
22:06 Watch Tower
22:06 Watch Tower
22:07 Watch Tower
22:12 Watch Tower
22:18 Watch Tower
23:07 Beastiary
23:08 Beastiary
» items
| Healing Salve | 2 | |
| Boots of Speed | 1 | |
| Potion of Mana | 2 | |
| Lesser Clarity Potion | 2 | |
| Potion of Healing | 2 | |
| Staff of Teleportation | 1 | |
| Scroll of Town Portal | 1 | |
| Orb of Lightning | 1 | |
| Tiny Great Hall | 1 | |
13 total

»
Bloedmaster (
orange | 73 APM | 1961 actions | 26:50)
7 Blademaster
3 Wind Walk
3 Critical Strike
1 Bladestorm
6 Shadow Hunter
2 Hex
3 Healing Wave
1 Big Bad Voodoo
» actions
| Assign group hotkey | 30 | |
| Build / train | 101 | |
| Enter build submenu | 21 | |
| Enter hero's abilities submenu | 13 | |
| Give item / drop item | 3 | |
| Right click | 627 | |
| Select / deselect | 164 | |
| Select group hotkey | 929 | |
| Use ability | 73 | |
1961 total
» units
| Peon | 22 | |
| Wind Rider | 26 | |
| Troll Batrider | 6 | |
| Tauren | 3 | |
57 total
» upgrades
| Ranged Weapons | 3 | |
| Armor | 3 | |
| Spiked Barricades | 3 | |
| Envenomed Spears | 1 | |
| Reinforced Defenses | 1 | |
| Melee Weapons | 3 | |
| Liquid Fire | 1 | |
| Pulverize | 1 | |
16 total
» buildings
| Altar of Storms | 1 | |
| Orc Burrow | 8 | |
| Voodoo Lounge | 1 | |
| Great Hall | 1 | |
| Stronghold | 1 | |
| War Mill | 1 | |
| Beastiary | 2 | |
| Fortress | 1 | |
| Watch Tower | 5 | |
| Tauren Totem | 1 | |
22 total
» build order
00:06 Altar of Storms
00:11 Orc Burrow
00:55 Voodoo Lounge
01:24 Orc Burrow
02:31 Orc Burrow
02:59 Great Hall
03:46 Stronghold
03:55 War Mill
04:15 Orc Burrow
05:16 Orc Burrow
06:09 Beastiary
06:14 Beastiary
06:23 Orc Burrow
07:20 Orc Burrow
08:25 Orc Burrow
09:38 Fortress
20:33 Watch Tower
20:35 Watch Tower
20:38 Watch Tower
20:41 Watch Tower
20:44 Watch Tower
23:03 Tauren Totem
» items
| Healing Salve | 3 | |
| Lesser Clarity Potion | 1 | |
| Scroll of Town Portal | 3 | |
| Orb of Lightning | 1 | |
| Potion of Mana | 2 | |
| Tiny Great Hall | 1 | |
11 total

»
lord-the-best (
blue | 44 APM | 1168 actions | 26:50)
4 Warden
2 Shadow Strike
2 Blink
» actions
| Build / train | 74 | |
| Enter build submenu | 18 | |
| Enter hero's abilities submenu | 4 | |
| Right click | 637 | |
| Select / deselect | 391 | |
| Use ability | 44 | |
1168 total
» units
| Wisp | 23 | |
| Archer | 7 | |
| Dryad | 23 | |
| Hippogryph | 5 | |
58 total
» upgrades
| Strength of the Wild | 3 | |
| Reinforced Hides | 3 | |
| Abolish Magic | 1 | |
7 total
» buildings
| Altar of Elders | 1 | |
| Moon Well | 9 | |
| Ancient of War | 1 | |
| Hunter's Hall | 1 | |
| Ancient Protector | 4 | |
| Tree of Ages | 1 | |
| Tree of Eternity | 1 | |
| Ancient of Wind | 1 | |
| Ancient of Lore | 2 | |
| Tree of Life | 1 | |
22 total
» build order
00:11 Altar of Elders
00:15 Moon Well
00:40 Ancient of War
02:03 Moon Well
05:18 Hunter's Hall
05:44 Moon Well
05:45 Moon Well
06:05 Moon Well
06:27 Ancient Protector
07:31 Tree of Ages
07:37 Ancient Protector
07:42 Ancient Protector
10:20 Tree of Eternity
10:27 Ancient of Wind
11:42 Ancient of Lore
12:14 Ancient of Lore
16:10 Tree of Life
19:34 Moon Well
19:35 Moon Well
19:36 Moon Well
19:37 Moon Well
23:52 Ancient Protector
» items
| Healing Salve | 1 | |
| Lesser Clarity Potion | 1 | |
2 total
Chat log
(00:09 / Allies) AmericanCaesar: Let's make America proud, boys
(00:56 / All) AmericanCaesar: Niggers out
(01:07 / All) AmericanCaesar: |Whites only
(01:10 / All) bubster27: so leave pls, nigger
(01:25 / All) AmericanCaesar: How dare you?
(06:22 / Allies) AmericanCaesar: n1 purple
(06:34 / Allies) AmericanCaesar: nice leech technique
(09:00 / Allies) AmericanCaesar: should have let him make the xpo
(09:32 / Allies) AmericanCaesar: had my wyvs rallied to my hero like a dumbass
(12:35 / Allies) AmericanCaesar: wood?
(14:50 / All) bubster27: i think i doing tanks for orcs
(16:15 / Allies) AmericanCaesar: lumbeR?
(17:14 / Allies) zenaeris-fr: b
(18:39 / Allies) AmericanCaesar: lumbeR?
(19:53 / Allies) AmericanCaesar: need lumber pals
(21:15 / Allies) AmericanCaesar: LUMBER!
(21:44 / Allies) AmericanCaesar: I can make raiders if you donate lumber otherwise I'm on strike
(24:09 / All) AmericanCaesar: trapped lol
(24:18 / All) bubster27: such a team of noobs
(24:20 / All) AmericanCaesar: awesome base design
(24:29 / 5) AmericanCaesar: I plan to TK
(25:04 / Allies) AmericanCaesar: Lumber?
(25:50 / 5) AmericanCaesar: mass towers in your base
(26:08 / All) bubster27: in my?
(26:22 / All) bubster27: i got such a noob team
(26:30 / 5) AmericanCaesar: It's not over
(26:35 / All) bubster27: lol